 Dungeon Crawl Stone Soup version 0.23.2-33-g5129a83184 (webtiles) character file.

Game seed: 9651818399256324694

1990 misha the Cleaver (level 9, -1/77 HPs)
             Began as a Minotaur Fighter on July 27, 2019.
             Killed from afar by an electric eel (7 damage)
             ... with a bolt of electricity
             ... on level 6 of the Dungeon.
             The game lasted 00:13:15 (5644 turns).

misha the Cleaver (Minotaur Fighter)                Turns: 5644, Time: 00:13:16

Health: -1/77      AC: 14    Str: 24    XL:     9   Next: 1%
Magic:  8/8        EV:  6    Int:  5    God:
Gold:   253        SH: 11    Dex: 10    Spells: 8/8 levels left

rFire    + . .     SeeInvis +   a - +0 war axe
rCold    . . .     Gourm    .   c - +0 shield
rNeg     . . .     Faith    .   B - +0 plate armour
rPois    .         Spirit   .   (helmet restricted)
rElec    .         Reflect  .   (no cloak)
rCorr    .         Harm     .   E - +0 pair of gloves
MR       .....                  (no boots)
Stlth    ..........             (no amulet)
HPRegen  0.22/turn              A - ring of see invisible
MPRegen  0.11/turn              r - ring of protection from fire

@: very slow
A: retaliatory headbutt, horns 2
a: no special abilities


You were on level 6 of the Dungeon.
You were not hungry.

You visited 1 branch of the dungeon, and saw 6 of its levels.
You also visited: Sewer.

You collected 253 gold pieces.

Inventory:

Hand Weapons
 a - a +0 war axe (weapon)
Missiles
 e - a throwing net (quivered)
Armour
 c - a +0 shield (worn)
 B - a +0 plate armour (worn)
 E - a +0 pair of gloves (worn)
Jewellery
 r - a ring of protection from fire (right hand)
 x - an uncursed ring of ice
 A - a ring of see invisible (left hand)
Wands
 l - a wand of random effects (28)
 y - a wand of iceblast (6)
Scrolls
 b - a scroll of immolation
 h - a scroll of random uselessness {unknown}
 i - 3 scrolls of blinking
 k - 2 scrolls of teleportation
 o - 2 scrolls of remove curse
 q - 2 scrolls of noise {unknown}
 s - 2 scrolls of amnesia {unknown}
 u - 2 scrolls of magic mapping {unknown}
 v - 2 scrolls of fog
 w - a scroll of fear
 D - 2 scrolls of identify
Potions
 d - 4 potions of might
 g - a potion of mutation
 j - 2 potions of agility
 m - 2 potions of heal wounds
 n - a potion of resistance
 p - 2 potions of lignification
 t - 5 potions of curing
 z - a potion of brilliance
 C - 2 potions of invisibility {unknown}
Comestibles
 f - 8 rations


   Skills:
 + Level 6.3 Fighting
 + Level 9.2 Axes
 + Level 7.4 Armour
 + Level 2.0 Dodging
 + Level 0.6 Stealth
 + Level 7.4 Shields


You had 8 spell levels left.
You didn't know any spells.
Your spell library was empty.

Dungeon Overview and Level Annotations

Branches:
Dungeon (6/15)
 Temple: D:4-7

Altars:
Fedhas
Hepliaklqana
Kikubaaqudgha
Okawaru
Trog

Shops:
D:4 :

Annotations:
D:4 manual


Innate Abilities, Weirdness & Mutations

You reflexively headbutt those who attack you in melee.
You have a pair of horns on your head.


Message History

The electric eel shoots out a bolt of lightning at you!
The bolt of electricity hits you! The bolt of electricity hits you.
You are too injured to fight recklessly!
You are too injured to fight recklessly!
You are too injured to fight recklessly!
You are too injured to fight recklessly!
You enter the shallow water.
Moving in this stuff is going to be slow.
The electric eel shoots out a bolt of lightning at you!
The bolt of electricity hits you.
* * * LOW HITPOINT WARNING * * *
The bolt of electricity hits you but does no damage.
The bolt of electricity hits the electric eel.
The electric eel completely resists.
You miss the electric eel.
The electric eel shoots out a bolt of lightning at you!
The bolt of electricity hits you!
* * * LOW HITPOINT WARNING * * *
The bolt of electricity hits you!
You die...

≈≈#. #.......#.# ≈≈≈≈≈
#.......#.## ≈≈≈≈≈##
#........... ≈≈≈≈≈≈.
#..<........ ≈≈#≈≈≈≈##
#........... ≈≈≈(≈≈#≈#
#........... .≈#≈.≈≈w##
#.......##'#
.....≈≈..####.......##.#
.≈≈.<≈≈@............##.#
≈≈#≈≈≈;≈.#############..
≈≈≈≈≈≈≈..# ...
≈≈#≈≈≈...# ...
≈≈≈≈≈≈#..# ...
≈≈≈≈≈###.# #### ≈≈#.#
..# ≈≈#. .##


You could see an electric eel and a dart slug.

Vanquished Creatures
  Pikel (D:4)
  Grinder (D:5)
  Edmund (D:5)
  Menkaure (D:5)
  A slave (D:3)
  An ogre (D:5)
  A centaur (D:6)
  2 bullfrogs (Sewer)
  An electric eel (D:6)
  A crimson imp (D:5)
  A jelly (D:5)
  A hound (D:4)
  3 orc priests (D:4)
  2 orc wizards
  Jessica (D:2)
  An iguana (D:4)
  Natasha (thrice) (D:2)
  2 worker ants
  A hound zombie (D:6)
  A worker ant zombie (D:5)
  19 adders
  6 river rats
  A shadow imp (D:5)
  2 oozes
  An adder skeleton (D:4)
  8 worms
  2 dart slugs
  4 leopard geckos
  20 orcs
  A giant cockroach (D:2)
  8 goblins
  4 hobgoblins
  13 jackals
  4 quokkas
  15 ball pythons
  9 bats
  6 frilled lizards
  4 kobolds
  A quokka zombie (D:5)
  31 rats
186 creatures vanquished.

Vanquished Creatures (others)
  A slave (D:4)
  An ogre (D:4)
  A howler monkey (D:4)
  A bullfrog skeleton (D:4)
  An orc (D:4)
  A quokka skeleton (D:4)
6 creatures vanquished.

Grand Total: 192 creatures vanquished

Notes
Turn   | Place    | Note
-------+----------+-------------------------------------------
     0 | D:1      | misha the Minotaur Fighter began the quest for the Orb.
     0 | D:1      | Reached XP level 1. HP: 19/19 MP: 0/0
   179 | D:1      | Reached XP level 2. HP: 27/27 MP: 1/1
   667 | D:2      | Reached XP level 3. HP: 33/33 MP: 2/2
   710 | D:2      | Noticed Natasha
   849 | D:2      | Killed Natasha
   849 | D:2      | Reached skill level 3 in Axes
  1100 | D:2      | Noticed Natasha
  1112 | D:2      | Killed Natasha
  1112 | D:2      | Reached XP level 4. HP: 14/40 MP: 3/3
  1380 | D:2      | Noticed Jessica
  1383 | D:2      | Killed Jessica
  1873 | D:2      | Found an ancient bone altar of Kikubaaqudgha.
  1913 | D:2      | Noticed Natasha
  1924 | D:2      | Killed Natasha
  1924 | D:2      | Reached skill level 5 in Shields
  1924 | D:2      | Reached XP level 5. HP: 45/46 MP: 4/4
  2364 | D:3      | Reached skill level 5 in Armour
  2558 | D:3      | Reached skill level 4 in Axes
  2617 | D:3      | Reached XP level 6. HP: 43/53 MP: 5/5
  2623 | D:3      | Found a glowing drain.
  2629 | Sewer    | Entered a sewer
  2936 | Sewer    | Reached skill level 1 in Dodging
  2938 | Sewer    | Reached skill level 5 in Axes
  2957 | Sewer    | Reached XP level 7. HP: 38/60 MP: 6/6
  3344 | D:3      | Found a hazy altar of Hepliaklqana.
  3534 | D:4      | Reached skill level 5 in Fighting
  3740 | D:4      | Noticed Pikel
  3767 | D:3      | Reached skill level 6 in Axes
  3917 | D:4      | Killed Pikel
  3917 | D:4      | Reached skill level 7 in Axes
  3917 | D:4      | Reached XP level 8. HP: 49/70 MP: 7/7
  4287 | D:4      | Found a blossoming altar of Fedhas.
  4381 | D:4      | Found Kykam's Book Emporium.
  4598 | D:5      | Entered Level 5 of the Dungeon
  4598 | D:5      | Noticed Grinder
  4611 | D:5      | Paralysed by Grinder for 3 turns
  4634 | D:5      | Paralysed by Grinder for 5 turns
  4801 | D:5      | Paralysed by Grinder for 6 turns
  4810 | D:5      | Killed Grinder
  4810 | D:5      | Reached skill level 8 in Axes
  4821 | D:5      | Noticed Edmund
  4822 | D:5      | Noticed Menkaure
  4830 | D:5      | Killed Menkaure
  4837 | D:5      | Killed Edmund
  4985 | D:5      | Found an iron altar of Okawaru.
  4991 | D:5      | Found a bloodstained altar of Trog.
  5439 | D:6      | Reached skill level 9 in Axes
  5639 | D:6      | Reached XP level 9. HP: 54/77 MP: 8/8
  5644 | D:6      | Killed from afar by an electric eel

Skill      XL: |  1  2  3  4  5  6  7  8 |
---------------+-------------------------+-----
Armour         | 4 5 6 7 |  7.4
Shields        | 4 5 6 7 |  7.4
Fighting       | 4 5 6 |  6.3
Axes           | 3 4 5 7 9 |  9.2
Dodging        | 1 2 |  2.0
Stealth        | |  0.6

Action                   |  1- 3 |  4- 6 |  7- 9 || total
-------------------------+-------+-------+-------++-------
Melee: War axe           |    97 |   221 |   193 ||   511
       Headbutt          |     9 |    23 |    35 ||    67
  Use: Scroll            |     2 |       |    11 ||    13
       Potion            |       |     1 |     3 ||     4
  Eat: Chunk             |       |     7 |     9 ||    16
Armor: Scale mail        |    41 |       |       ||    41
       Chain mail        |    17 |   158 |    53 ||   228
       Plate armour      |       |       |    49 ||    49
       Skin              |       |       |     4 ||     4
Dodge: Dodged            |    23 |    75 |    44 ||   142
Block: Shield            |    72 |   163 |   105 ||   340
